 Dungeon Crawl Stone Soup version 0.13.1-17-g0f9d4ff (webtiles) character file.

1460 Lilouch the Poker (level 8, -3/60 HPs)
             Began as a Mummy Fighter on Dec 16, 2013.
             Was a Plaything of Xom.
             Slain by a goliath beetle (11 damage)
             ... on Level 8 of the Dungeon.
             The game lasted 00:09:54 (4411 turns).

Lilouch the Poker (Mummy Fighter)                   Turns: 4411, Time: 00:09:54

HP  -3/60        AC 13     Str 21      XL: 8   Next: 14%
MP   7/7         EV  5     Int  7      God: Xom
Gold 327         SH 20     Dex 14      Spells:  0 memorised,  7 levels left

Res.Fire  : x . .   See Invis. : .   a - +0 trident
Res.Cold  : + + .   Warding    : +   f - +1 elf chain mail {rC+}
Life Prot.: + + +   Conserve   : .   c - +0 shield
Res.Poison: +       Res.Corr.  : .   (no helmet)
Res.Elec. : .       Clarity    : .   l - +0 cloak (curse)
Sust.Abil.: . .     Spirit.Shd : .   (no gloves)
Res.Mut.  : .       Stasis     : .   x - +0 pair of boots
Res.Rott. : +       Flight     : .   w - amulet of warding
Saprovore : . . .                    v - +0,+8 ring of slaying {unknown}
                                     y - +3 ring of dexterity

@: somewhat resistant to hostile enchantments, extremely unstealthy
A: no food or potions, fire vulnerability, restore body, cold resistance 1, life
protection 3, poison resistance, torment resistance, unbreathing
a: Renounce Religion


You were on level 8 of the Dungeon.
You worshipped Xom.
You were a very special plaything of Xom.
You were not hungry.

You visited 2 branches of the dungeon, and saw 9 of its levels.

You collected 307 gold pieces.

Inventory:

Hand weapons
 a - a +0,+0 trident (weapon)
 p - a -1 orcish blowgun
 t - a +4,+4 quarterstaff of chaos
 A - a +0,+0 spear
Missiles
 g - 5 poisoned darts (quivered)
 q - 33 poisoned needles
Armour
 c - a +0 shield (worn)
 f - a +1 elven chain mail of cold resistance (worn)
 l - a cursed +0 cloak (worn)
 u - a +0 cloak
 x - a +0 pair of boots (worn)
Scrolls
 d - 6 scrolls of identify {unknown}
 e - 2 scrolls of fog {unknown}
 h - a scroll of random uselessness {unknown}
 i - a scroll of noise {unknown}
 j - 3 scrolls of teleportation {unknown}
 k - 2 scrolls of curse armour {unknown}
 m - 2 scrolls of enchant armour {unknown}
 n - a scroll of recharging {unknown}
 o - 2 scrolls of amnesia {unknown}
 r - a scroll of remove curse {unknown}
 s - a scroll of blinking {unknown}
 z - a scroll of curse jewellery {unknown}
Jewellery
 b - an uncursed ring of poison resistance {unknown}
 v - a +0,+8 ring of slaying (right hand) {unknown}
 w - an amulet of warding (around neck)
 y - a +3 ring of dexterity (left hand)
Books
 B - a book of Geomancy

   Spells                             Type                      Level
   Sandblast                          Earth                        1
   Stoneskin                          Transmutation/Earth          2
   Passwall                           Transmutation/Earth          3
   Stone Arrow                        Conjuration/Earth            3
   Petrify                            Transmutation/Earth          4
   Lee's Rapid Deconstruction         Earth                        5


   Skills:
 - Level 3.0 Fighting
 * Level 5.7 Polearms
 + Level 4.7 Armour
 + Level 4.8 Shields


You had 7 spell levels left.
You didn't know any spells.

Dungeon Overview and Level Annotations

Branches:
Dungeon (8/27)             Temple (1/1) D:7
    Orc: D:6-11        Lair: D:8-13

Altars:
Cheibriados
Elyvilon
Makhleb
Okawaru
Sif Muna
Vehumet
Xom
Yredelemnul
Zin
the Shining One

Shops:
D:8 (

Annotations:
D:6 Pikel


Innate Abilities, Weirdness & Mutations

You do not eat or drink.
Your flesh is vulnerable to fire.
Your flesh is cold resistant.
You are immune to negative energy.
Your system is resistant to poisons.
You are immune to unholy pain and torment.
You can survive without breathing.


Message History

The goliath beetle is heavily wounded.
You block the goliath beetle's attack.
You puncture the goliath beetle!
The goliath beetle is severely wounded.
You block the goliath beetle's attack.
You hit the goliath beetle.
The goliath beetle is severely wounded.
You hit the goliath beetle but do no damage.
The goliath beetle is severely wounded.
The goliath beetle bites you!
You hit the goliath beetle but do no damage.
The goliath beetle is severely wounded.
Your chain mail prevents you from hitting the goliath beetle.
The goliath beetle is severely wounded.
The goliath beetle bites you!
* * * LOW HITPOINT WARNING * * *
You puncture the goliath beetle!
The goliath beetle is almost dead.
The goliath beetle bites you!
You die...

≈♣♣.# #..>. {
P♣..###...
≈P≈≈≈..##...#
♣≈♣♣..##...#
≈≈≈P≈♣..##...#
≈≈≈♣♣......)#
P≈≈≈≈≈.......#
♣♣≈.....$.##.#
♣...B@.<.....#
PP≈...#..########
♣... #..# ...
∩...# . .....#
...#### ... ##


You could see a goliath beetle.

Vanquished Creatures
  2 ogres
  2 phantoms
  3 giant frogs
  A crimson imp (D:5)
  A goliath beetle (D:7)
  A giant frog skeleton (D:7)
  2 hounds (D:4)
  An iron imp (D:7)
  Crazy Yiuf (D:4)
  7 worker ants
  A sky beast zombie (D:5)
  Ijyb (D:2)
  A big kobold zombie (D:7)
  5 gnolls
  4 adders (D:2)
  An inept feature mimic (D:7)
  A lemure (D:7)
  A shadow imp (D:7)
  A white imp (D:7)
  7 worms
  An ufetubus (D:7)
  A scorpion zombie (D:5)
  A giant eyeball (D:7)
  A giant gecko (D:4)
  2 oozes
  3 orcs
  3 giant cockroaches
  9 goblins
  9 hobgoblins
  8 kobolds
  A quokka (D:7)
  4 training dummies (D:2)
  8 bats
  4 giant newts
  8 jackals
  13 rats
120 creatures vanquished.

Notes
Turn   | Place    | Note
--------------------------------------------------------------
     0 | D:1      | Lilouch, the Mummy Fighter, began the quest for the Orb.
     0 | D:1      | Reached XP level 1. HP: 18/18 MP: 0/0
    37 | D:1      | Reached XP level 2. HP: 21/24 MP: 1/1
   318 | D:1      | Reached XP level 3. HP: 30/30 MP: 2/2
  1211 | D:3      | Reached XP level 4. HP: 26/36 MP: 3/3
  1366 | D:2      | Found an iron altar of Okawaru.
  1514 | D:2      | Noticed Ijyb
  1535 | D:2      | Killed Ijyb
  1721 | D:2      | Found a glowing silver altar of Zin.
  1721 | D:2      | Noticed an angel
  1723 | D:2      | Found a shimmering altar of Xom.
  1745 | D:2      | Became a worshipper of Xom of Chaos
  1827 | D:2      | Reached XP level 5. HP: 41/41 MP: 4/4
  2018 | D:2      | XOM: harmless Ice miscast
  2189 | D:4      | XOM: potion effect (agility)
  2191 | D:4      | XOM: potion effect (speed)
  2211 | D:4      | XOM: silly message
  2264 | D:4      | Noticed a phantom
  2283 | D:4      | XOM: potion effect (agility)
  2291 | D:4      | Killed a phantom
  2291 | D:4      | Reached XP level 6. HP: 16/48 MP: 5/5
  2486 | D:4      | Noticed Crazy Yiuf
  2486 | D:4      | XOM: harmless Necr miscast
  2497 | D:4      | XOM: potion effect (might)
  2501 | D:4      | Killed Crazy Yiuf
  2501 | D:4      | Reached skill level 4 in Polearms
  2724 | D:4      | XOM: divination: detect items
  2786 | D:4      | Found a deep blue altar of Sif Muna.
  2948 | D:5      | Entered Level 5 of the Dungeon
  2958 | D:5      | XOM: divination: magic mapping
  3085 | D:5      | XOM: silly message
  3088 | D:5      | XOM: noise
  3172 | D:5      | Found a glowing golden altar of the Shining One.
  3175 | D:5      | Reached XP level 7. HP: 50/53 MP: 6/6
  3211 | D:6      | Noticed Pikel
  3228 | D:6      | XOM: harmless Trmt miscast
  3231 | D:6      | Found a white marble altar of Elyvilon.
  3234 | D:6      | XOM: noise
  3247 | D:6      | XOM: 5-stop teleportation journey
  3250 | D:7      | XOM: blink monster(s)
  3262 | D:7      | XOM: severe Ice miscast
  3523 | D:7      | XOM: summons 3 hostile demons
  3525 | D:7      | XOM: mild Ice miscast
  3540 | D:7      | XOM: enchant monster (bad)
  3545 | D:7      | Reached skill level 5 in Polearms
  3670 | D:7      | Paralysed by a giant eyeball for 2 turns
  3672 | D:7      | Found a radiant altar of Vehumet.
  3771 | D:7      | Found a staircase to the Ecumenical Temple.
  3802 | Temple   | Entered the Ecumenical Temple
  3821 | D:7      | XOM: enchant monster (bad)
  3932 | D:7      | XOM: summons 3 hostile demons
  3966 | D:7      | Found a snail-covered altar of Cheibriados.
  4027 | D:7      | XOM: harmless Erth miscast
  4128 | D:7      | XOM: harmless Pois miscast
  4181 | D:7      | XOM: summons 5 hostile shadow creatures
  4376 | D:8      | Found Miklunap's Antique Weapon Emporium.
  4380 | D:8      | Reached XP level 8. HP: 58/60 MP: 7/7
  4411 | D:8      | Slain by a goliath beetle

Action                   |  1- 3 |  4- 6 |  7- 9 || total
-------------------------+-------+-------+-------++-------
Melee: Trident           |   119 |   274 |   158 ||   551
Throw: Dart              |       |     1 |       ||     1
